3A
HOGSMEADE CAULDRONS @ MYRTLE BEACH SEAHAWKS
05/31/2034
 
TOP OF THE 1ST
Hogsmeade Cauldrons batting - Pitching for Myrtle Beach Seahawks : RHP Kelvin Fontijn
Pitching: RHP Kelvin Fontijn
Batting: LHB Bartolo Trejo 0-0: Ball
1-0: Swinging Strike
1-1: Called Strike
1-2: Ground out 4-3 (Groundball, 4)
Batting: RHB Diederick Tuiters 0-0: Called Strike
0-1: Swinging Strike
0-2: Strikes out looking
Batting: SHB Max Bortenschlager 0-0: Swinging Strike
0-1: Ground out 4-3 (Groundball, 4)
Top of the 1st over - 0 runs, 0 hits, 0 errors, 0 left on base; Hogsmeade 0 - Myrtle Beach 0
BOTTOM OF THE 1ST
Myrtle Beach Seahawks batting - Pitching for Hogsmeade Cauldrons : RHP Kent Good
Pitching: RHP Kent Good
Batting: RHB Lucas Gallant 0-0: Called Strike
0-1: Bunt for hit - play at first, batter safe!
Batting: RHB Al Ellis 0-0: Called Strike
0-1: Fielders Choice at 2nd, 4-6 (Groundball, 34)
Batting: LHB Roberts Hamhock 0-0: Ball
Al Ellis is caught stealing 2nd base
1-0: Foul Ball, location: 2F
1-1: Ball
2-1: Ball
3-1: SINGLE (Groundball, 4MD)
Batting: LHB Gregory Clement 0-0: Called Strike
0-1: Ball
1-1: Ball
2-1: Ball
3-1: Base on Balls
Roberts Hamhock to second
Batting: LHB Anastasio Flores 0-0: Ball
1-0: Ball
2-0: Called Strike
2-1: Ball
3-1: Ground out U3 (Groundball, 34)
Bottom of the 1st over - 0 runs, 2 hits, 0 errors, 2 left on base; Hogsmeade 0 - Myrtle Beach 0
TOP OF THE 2ND
Hogsmeade Cauldrons batting - Pitching for Myrtle Beach Seahawks : RHP Kelvin Fontijn
Batting: LHB Ewan Manshert 0-0: Called Strike
0-1: Swinging Strike
0-2: Ball
1-2: Ball
2-2: Strikes out looking
Batting: SHB Manny López 0-0: Foul Ball, location: 2F
0-1: SINGLE (Groundball, 4S) (infield hit)
Batting: RHB Graeme Dormer 0-0: Foul Ball, location: 2F
0-1: Called Strike
0-2: Reached on error, E4 (Groundball, 34S)
Manny López to third
Batting: RHB Brant Reed 0-0: Called Strike
0-1: Foul Ball, location: 2F
0-2: Foul Ball, location: 2F
0-2: Ball
1-2: Strikes out swinging
Batting: RHB Pablo Ortíz 0-0: Called Strike
0-1: Ball
1-1: Swinging Strike
1-2: Ball
2-2: Foul Ball, location: 2F
2-2: Strikes out swinging
Top of the 2nd over - 0 runs, 1 hit, 1 error, 2 left on base; Hogsmeade 0 - Myrtle Beach 0
BOTTOM OF THE 2ND
Myrtle Beach Seahawks batting - Pitching for Hogsmeade Cauldrons : RHP Kent Good
Batting: RHB Kyle Goodbrand 0-0: Called Strike
0-1: Swinging Strike
0-2: Ball
1-2: Ground out 6-3 (Groundball, 6S)
Batting: RHB César Salvatierra 0-0: Ground out 6-3 (Groundball, 56)
Batting: LHB Sandro Goro 0-0: Swinging Strike
0-1: Swinging Strike
0-2: Strikes out looking
Bottom of the 2nd over - 0 runs, 0 hits, 0 errors, 0 left on base; Hogsmeade 0 - Myrtle Beach 0
TOP OF THE 3RD
Hogsmeade Cauldrons batting - Pitching for Myrtle Beach Seahawks : RHP Kelvin Fontijn
Batting: RHB Jimmy Robinson 0-0: Called Strike
0-1: Ball
1-1: Foul Ball, location: 2F
1-2: Ball
2-2: Hit by Pitch
Batting: LHB Bartolo Trejo 0-0: Ball
Jimmy Robinson is caught stealing 2nd base
1-0: Swinging Strike
1-1: Foul Ball, location: 2F
1-2: Ground out 4-3 (Groundball, 4)
Batting: RHB Diederick Tuiters 0-0: Fly out, F9 (Flyball, 9S)
Top of the 3rd over - 0 runs, 0 hits, 0 errors, 0 left on base; Hogsmeade 0 - Myrtle Beach 0
BOTTOM OF THE 3RD
Myrtle Beach Seahawks batting - Pitching for Hogsmeade Cauldrons : RHP Kent Good
Batting: RHB Kamaaluddeen Kohli 0-0: Ball
1-0: Ground out 5-3 (Groundball, 56S)
Batting: RHB Lucas Gallant 0-0: Foul Ball, location: 2F
0-1: Ball
1-1: SINGLE (Groundball, 6MD)
Batting: RHB Al Ellis 0-0: Ball
Lucas Gallant is caught stealing 2nd base
1-0: Swinging Strike
1-1: Swinging Strike
1-2: Ball
2-2: Strikes out swinging
Bottom of the 3rd over - 0 runs, 1 hit, 0 errors, 0 left on base; Hogsmeade 0 - Myrtle Beach 0
TOP OF THE 4TH
Hogsmeade Cauldrons batting - Pitching for Myrtle Beach Seahawks : RHP Kelvin Fontijn
Batting: SHB Max Bortenschlager 0-0: Swinging Strike
0-1: Ball
1-1: Foul Ball, location: 2F
1-2: Ball
2-2: SOLO HOME RUN (Flyball, 9LD), Distance : 374 ft
Batting: LHB Ewan Manshert 0-0: Called Strike
0-1: Ball
1-1: Ball
2-1: Foul Ball, location: 2F
2-2: Ball
3-2: Base on Balls
Batting: SHB Manny López 0-0: Fly out, F5 (Line Drive, 6)
Batting: RHB Graeme Dormer 0-0: Ball
1-0: Ball
2-0: SINGLE (Line Drive, 8LS)
Ewan Manshert to second
Batting: RHB Brant Reed 0-0: Called Strike
0-1: Foul Ball, location: 2F
0-2: Ball
1-2: Strikes out looking
Batting: RHB Pablo Ortíz 0-0: Called Strike
0-1: Ball
1-1: Foul Ball, location: 2F
1-2: Ball
2-2: Strikes out swinging
Top of the 4th over - 1 run, 2 hits, 0 errors, 2 left on base; Hogsmeade 1 - Myrtle Beach 0
BOTTOM OF THE 4TH
Myrtle Beach Seahawks batting - Pitching for Hogsmeade Cauldrons : RHP Kent Good
Batting: LHB Roberts Hamhock 0-0: Ball
1-0: Ball
2-0: Called Strike
2-1: Foul Ball, location: 2F
2-2: Foul Ball, location: 2F
2-2: Foul Ball, location: 2F
2-2: Strikes out swinging
Batting: LHB Gregory Clement 0-0: Ball
1-0: Ball
2-0: Called Strike
2-1: Ball
3-1: DOUBLE (Flyball, 8LXD)
Batting: LHB Anastasio Flores 0-0: Fly out, F7 (Flyball, 7S)
Batting: RHB Kyle Goodbrand 0-0: Ball
1-0: Ball
2-0: Ball
3-0: Called Strike
3-1: Foul Ball, location: 2F
3-2: Foul Ball, location: 2F
3-2: Base on Balls
Batting: RHB César Salvatierra 0-0: Ball
1-0: Ball
2-0: Fielders Choice at 2nd, U6 (Groundball, 6M)
Bottom of the 4th over - 0 runs, 1 hit, 0 errors, 2 left on base; Hogsmeade 1 - Myrtle Beach 0
TOP OF THE 5TH
Hogsmeade Cauldrons batting - Pitching for Myrtle Beach Seahawks : RHP Kelvin Fontijn
Batting: RHB Jimmy Robinson 0-0: Ball
1-0: Called Strike
1-1: Foul Ball, location: 2F
1-2: Ball
2-2: Foul Ball, location: 2F
2-2: Fly out, F9 (Flyball, 9S)
Batting: LHB Bartolo Trejo 0-0: Called Strike
0-1: Ground out U3 (Groundball, 3)
Batting: RHB Diederick Tuiters 0-0: Ball
1-0: Ball
2-0: Called Strike
2-1: Foul Ball, location: 2F
2-2: Strikes out looking
Top of the 5th over - 0 runs, 0 hits, 0 errors, 0 left on base; Hogsmeade 1 - Myrtle Beach 0
BOTTOM OF THE 5TH
Myrtle Beach Seahawks batting - Pitching for Hogsmeade Cauldrons : RHP Kent Good
Batting: LHB Sandro Goro 0-0: Ground out 5-3 (Groundball, 56)
Batting: RHB Kamaaluddeen Kohli 0-0: SINGLE (Groundball, 6MD)
Batting: RHB Lucas Gallant 0-0: SINGLE (Groundball, 56D)
Kamaaluddeen Kohli to second
Batting: RHB Al Ellis 0-0: Ball
1-0: Called Strike
1-1: Ball
2-1: Foul Ball, location: 2F
2-2: Ball
3-2: Base on Balls
Kamaaluddeen Kohli to third
Lucas Gallant to second
Batting: LHB Roberts Hamhock 0-0: Ball
1-0: Grounds out, U3 (Groundball, 3L)
Kamaaluddeen Kohli scores
Lucas Gallant to third
Batting: LHB Gregory Clement 0-0: Ball
1-0: Ball
2-0: Swinging Strike
2-1: Foul Ball, location: 2F
2-2: Ball
3-2: Base on Balls
Batting: LHB Anastasio Flores 0-0: Called Strike
0-1: Fly out, F9 (Flyball, 9)
Bottom of the 5th over - 1 run, 2 hits, 0 errors, 3 left on base; Hogsmeade 1 - Myrtle Beach 1
TOP OF THE 6TH
Hogsmeade Cauldrons batting - Pitching for Myrtle Beach Seahawks : RHP Kelvin Fontijn
Batting: SHB Max Bortenschlager 0-0: Ball
1-0: Fly out, F9 (Flyball, 9LSF)
Batting: LHB Ewan Manshert 0-0: Called Strike
0-1: Called Strike
0-2: Ball
1-2: Foul Ball, location: 2F
1-2: Ball
2-2: Ball
3-2: Fly out, F4 (Popup, 4MD)
Batting: SHB Manny López 0-0: Ball
1-0: Foul Ball, location: 2F
1-1: Fly out, F9 (Flyball, 89D)
Top of the 6th over - 0 runs, 0 hits, 0 errors, 0 left on base; Hogsmeade 1 - Myrtle Beach 1
BOTTOM OF THE 6TH
Myrtle Beach Seahawks batting - Pitching for Hogsmeade Cauldrons : RHP Kent Good
Batting: RHB Kyle Goodbrand 0-0: Called Strike
0-1: Ground out 6-3 (Groundball, 6MS)
Batting: RHB César Salvatierra 0-0: Ball
1-0: Ball
2-0: Hit by Pitch
Batting: LHB Sandro Goro 0-0: Called Strike
César Salvatierra steals 2nd base
0-1: Called Strike
0-2: Foul Ball, location: 2F
0-2: SINGLE (Groundball, 34S) (infield hit)
César Salvatierra to third
Pinch Runner at 1st Justin Forbes:
Batting: RHB Kamaaluddeen Kohli 0-0: Called Strike
0-1: Called Strike
Justin Forbes is caught stealing 2nd base
0-2: DOUBLE (Flyball, 8RXD)
César Salvatierra scores
Batting: RHB Lucas Gallant 0-0: Foul Ball, location: 2F
0-1: Ball
1-1: DOUBLE (Line Drive, 9LD)
Kamaaluddeen Kohli scores
Batting: RHB Al Ellis 0-0: Called Strike
0-1: Ball
1-1: Ball
2-1: Swinging Strike
2-2: Ball
3-2: Base on Balls
Pitching: RHP Austin Bizzle
Batting: LHB Roberts Hamhock 0-0: Ball
1-0: Ball
2-0: Ball
3-0: Base on Balls
Lucas Gallant to third
Al Ellis to second
Batting: LHB Gregory Clement 0-0: Ball
1-0: Foul Ball, location: 2F
1-1: Swinging Strike
1-2: SINGLE (Line Drive, 8LS)
Lucas Gallant scores
Al Ellis to third
Roberts Hamhock to second
Runner from 3rd tries for Home, SAFE, no throw
Batting: LHB Anastasio Flores 0-0: Ball
1-0: Called Strike
1-1: Called Strike
1-2: Ball
2-2: Foul Ball, location: 2F
2-2: Ball
3-2: Foul Ball, location: 2F
3-2: Strikes out swinging
Bottom of the 6th over - 4 runs, 4 hits, 0 errors, 2 left on base; Hogsmeade 1 - Myrtle Beach 5
TOP OF THE 7TH
Hogsmeade Cauldrons batting - Pitching for Myrtle Beach Seahawks : RHP Kelvin Fontijn
Pitching: RHP Mike Preston
Now in CF: Justin Forbes
Batting: RHB Graeme Dormer 0-0: Called Strike
0-1: Ball
1-1: Ball
2-1: Ball
3-1: Foul Ball, location: 2F
3-2: Foul Ball, location: 2F
3-2: Base on Balls
Batting: RHB Brant Reed 0-0: Foul Ball, location: 2F
0-1: Foul Ball, location: 2F
0-2: Ball
1-2: Strikes out swinging
Batting: RHB Pablo Ortíz 0-0: Called Strike
0-1: SINGLE (Line Drive, 8LS)
Graeme Dormer to second
Runner from 2nd tries for 3rd, SAFE, no throw
Batting: RHB Jimmy Robinson 0-0: Ball
1-0: Ball
2-0: Ball
3-0: Base on Balls
Pablo Ortíz to second
Batting: LHB Bartolo Trejo 0-0: Swinging Strike
0-1: Swinging Strike
0-2: Ball
1-2: Ball
2-2: Foul Ball, location: 2F
2-2: Ground out 4-3 (Groundball, 34D)
Graeme Dormer scores
Pablo Ortíz to third
Jimmy Robinson to second
Batting: RHB Diederick Tuiters 0-0: Called Strike
0-1: Foul Ball, location: 2F
0-2: Foul Ball, location: 2F
0-2: Ball
1-2: Ground out U3 (Groundball, 34S)
Top of the 7th over - 1 run, 1 hit, 0 errors, 2 left on base; Hogsmeade 2 - Myrtle Beach 5
BOTTOM OF THE 7TH
Myrtle Beach Seahawks batting - Pitching for Hogsmeade Cauldrons : RHP Austin Bizzle
Batting: RHB Kyle Goodbrand 0-0: Foul Ball, location: 2F
0-1: Ball
1-1: Fly out, F7 (Line Drive, 78D)
Batting: RHB César Salvatierra 0-0: Fly out, F9 (Flyball, 9D)
Batting: RHB Justin Forbes 0-0: Foul Ball, location: 2F
0-1: Swinging Strike
0-2: Foul Ball, location: 2F
0-2: Ball
1-2: Strikes out looking
Bottom of the 7th over - 0 runs, 0 hits, 0 errors, 0 left on base; Hogsmeade 2 - Myrtle Beach 5
TOP OF THE 8TH
Hogsmeade Cauldrons batting - Pitching for Myrtle Beach Seahawks : RHP Mike Preston
Batting: SHB Max Bortenschlager 0-0: Ball
1-0: Foul Ball, location: 2F
1-1: Foul Ball, location: 2F
1-2: Strikes out swinging
Batting: LHB Ewan Manshert 0-0: Fly out, F8 (Flyball, 8RM)
Batting: SHB Manny López 0-0: Ball
1-0: Swinging Strike
1-1: SINGLE (Groundball, 5D)
Pitching: RHP Bailey Achurch
Batting: RHB Graeme Dormer 0-0: Ball
1-0: Ground out 6-3 (Groundball, 6M)
Top of the 8th over - 0 runs, 1 hit, 0 errors, 1 left on base; Hogsmeade 2 - Myrtle Beach 5
BOTTOM OF THE 8TH
Myrtle Beach Seahawks batting - Pitching for Hogsmeade Cauldrons : RHP Austin Bizzle
Batting: RHB Kamaaluddeen Kohli 0-0: SINGLE (Flyball, 8LS)
Batting: RHB Lucas Gallant 0-0: Bunted foul
0-1: Bunted foul
0-2: Ball
1-2: Ball
2-2: Fly out, F4 (Popup, 4MD)
Batting: RHB Al Ellis 0-0: Ball
1-0: Fielders Choice at 2nd, 1-6 (Groundball, 13)
Batting: LHB Roberts Hamhock 0-0: Ball
1-0: Ball
Al Ellis steals 2nd base
2-0: Ball
3-0: Called Strike
3-1: Base on Balls
Batting: LHB Gregory Clement 0-0: Fly out, F9 (Line Drive, 9LM)
Bottom of the 8th over - 0 runs, 1 hit, 0 errors, 2 left on base; Hogsmeade 2 - Myrtle Beach 5
TOP OF THE 9TH
Hogsmeade Cauldrons batting - Pitching for Myrtle Beach Seahawks : RHP Bailey Achurch
Batting: RHB Brant Reed 0-0: Foul Ball, location: 2F
0-1: Ball
1-1: Foul Ball, location: 2F
1-2: Foul Ball, location: 2F
1-2: Strikes out looking
Batting: RHB Pablo Ortíz 0-0: Ball
1-0: Foul Ball, location: 2F
1-1: Foul Ball, location: 2F
1-2: Strikes out swinging
Batting: RHB Jimmy Robinson 0-0: Foul Ball, location: 2F
0-1: Ground out 6-3 (Groundball, 6)
Top of the 9th over - 0 runs, 0 hits, 0 errors, 0 left on base; Hogsmeade 2 - Myrtle Beach 5
Friday, March 29th, 2019 - OOTP Baseball 18.8 Build 76